AoeStats
← Lastmantillidie

Nomad

509338049Analyzed
3v3 RM · 6d ago on Sep 26, 2026· 26m 53s· 6 players
Game mode
Random Map
Map size
210×210
Population
200
Speed
Normal
Resources
Standard
Victory
Conquest
Starting age
Dark Age
Ending age
Imperial Age
RankedLock teamsTeams togetherTeam positionsShared explorationLock speedFull tech treeHidden civsTurbo modeCheats
Victory
Defeat
🇦🇺 Huns · Australia
1553
+12
🇺🇸 Burgundians · United States
1529
+13
🇳🇱 Spanish · Netherlands
1511
+13
🇮🇪 Jurchens · Ireland
1529
-15
🇺🇾 Inca · Uruguay
1465
-13
🇦🇷 Celts · Argentina
1378
-10
Lastmantillidie
4:09 Loom
10:04 Double-Bit Axe
12:00 Fishing Lines
14:14 Feudal Age
13:44 Gold Mining
15:53 Bow Saw
16:23 Gillnets
20:16 Castle Age
18:07 Stone Mining
18:32 Town Watch
21:09 Medium Warships
24:00 Wheelbarrow
25:59 Imperial Age
24:08 Gold Shaft Mining
25:03 Fletching
Mau5
11:04 Loom
12:54 Feudal Age
18:14 Castle Age
16:00 Loom
16:03 Double-Bit Axe
16:02 Horse Collar
16:39 Gold Mining
16:41 Fishing Lines
21:22 Bow Saw
22:07 Heavy Plow
22:47 Wheelbarrow
24:51 Scale Barding Armor
25:27 Bloodlines
25:17 Husbandry
27:42 Chain Barding Armor
Tiekel
10:23 Loom
13:45 Feudal Age
18:08 Castle Age
18:49 Padded Archer Armor
20:07 Fishing Lines
22:08 Gold Mining
22:16 Fishing Lines
25:24 Leather Archer Armor
26:00 Double-Bit Axe
DGHIR | Miloss
4:26 Loom
14:25 Feudal Age
15:46 Town Watch
18:44 Castle Age
17:33 Wheelbarrow
17:41 Double-Bit Axe
18:58 Gold Mining
19:33 Fletching
20:43 Bow Saw
20:53 Bodkin Arrow
DGHIR | Garezo
5:16 Loom
14:35 Feudal Age
16:05 Double-Bit Axe
16:00 Horse Collar
27:07 Castle Age
26:16 Fletching
Dr Housed
13:42 Feudal Age
13:48 Loom
14:44 Double-Bit Axe
17:20 Castle Age
15:45 Fletching
17:57 Bodkin Arrow
21:19 Crossbowman
24:47 Town Watch
25:13 Bow Saw
Connection lost

Rejoining the realm…

Still unreachable

The connection could not be restored.

Session expired

The server has moved on; the page needs a fresh start.